Map: King Sejong Station LE

Players

ByuN

  • Race: Terran Terran

Dark - Winner!

  • Race: Zerg Zerg

Event: 2016 WCS Global Finals

VOD

https://youtu.be/7f7fUfPtPdU

Description

Time

  • Played on: Nov. 5, 2016, 6:45 p.m.
  • Length: 22:58

All games in this series

Show
View Real Time Build Order
Export as new Build Order

ByuN Terran 

Build Orders: Reaper Expand, MMM Bio 

Get SALT Encoding   

  12  0:00  SCV  
  13  0:12  SCV  
  14  0:17  Supply Depot  
  14  0:24  SCV  
  15  0:38  SCV  
  15  0:39  Barracks  
  16  0:44  Refinery  
  16  0:50  SCV  
  17  1:02  SCV  
  18  1:14  SCV  
  19  1:26  Reaper, Orbital Command  
  20  1:39  Command Center  
  20  1:50  Barracks  
  20  1:53  SCV  
  21  1:59  Barracks Reactor  
  21  2:03  Supply Depot  
  21  2:06  SCV  
  22  2:12  Refinery  
  22  2:18  SCV  
  23  2:24  Factory  
  23  2:30  SCV  
  23  2:35  Marine x2  
  26  2:37  Barracks Tech Lab  
  26  2:42  SCV  
  27  2:51  Orbital Command  
  27  2:55  SCV  
  27  2:58  Stimpack  
  28  3:00  Marine x2  
  28  3:03  Marine  
  31  3:07  SCV  
  32  3:15  Starport  
  32  3:18  Marine x2  
  32  3:19  Factory Reactor  
  34  3:24  SCV  
  34  3:25  SCV  
  36  3:32  Marine  
  37  3:36  Marine x2  
  37  3:37  SCV  
  37  3:38  SCV  
  41  3:42  Supply Depot  
  41  3:48  Supply Depot  
  41  3:50  Marine  
  41  3:54  Marine x2  
  41  3:55  SCV x2  
  46  4:03  Medivac x2  
  46  4:07  Marine  
  51  4:11  Engineering Bay  
  51  4:13  Marine  
  51  4:14  Marine  
  53  4:17  SCV  
  53  4:18  SCV  
  53  4:19  Factory Tech Lab  
  53  4:23  Refinery  
  55  4:25  Marine, Supply Depot  
  55  4:30  SCV  
  57  4:31  Marine x2  
  57  4:32  SCV  
  60  4:38  Supply Depot  
  60  4:40  Terran Infantry Weapons Level 1  
  60  4:47  Siege Tank  
  60  4:50  Marine x3  
  66  4:56  Supply Depot, SCV x2  
  68  5:08  Marine x3, Combat Shields, SCV x2  
  73  5:19  Siege Tank  
  73  5:20  Supply Depot  
  76  5:23  SCV x2  
  76  5:26  Marine x3  
  83  5:35  Medivac  
  83  5:36  Medivac  
  84  5:43  Marine  
  84  5:44  Marine x2, Supply Depot  
  87  5:55  Command Center  
  87  6:01  Marine x2  
  87  6:02  Factory Reactor, Marine, SCV x2  
  92  6:19  Marine x3  
  92  6:22  Barracks  
  92  6:23  Barracks  
  95  6:34  Terran Infantry Armor Level 1  
  95  6:35  SCV x2  
  95  6:36  Barracks  
  95  6:37  Marine x3  
  92  6:55  Marine x3  
  85  7:02  Medivac x2  
  85  7:08  Factory Reactor, Refinery  
  89  7:11  SCV x2  
  89  7:12  Armory, Marine  
  89  7:13  Marine x2  
  89  7:14  Orbital Command, Engineering Bay  
  89  7:15  Barracks Reactor  
  94  7:16  Barracks Reactor  
  94  7:20  Liberator x2  
  94  7:30  Marine x2, SCV x2  
  94  7:31  Marine  
  94  7:32  Supply Depot  
  94  7:36  Marine x2  
  101  7:43  Orbital Command  
  107  7:49  Marauder  
  107  7:50  Marine  
  100  7:51  Marine  
  100  7:52  Marine  
  100  7:54  Marine x2  
  100  7:55  Widow Mine x2  
  100  7:56  Orbital Command  
  103  8:00  Terran Infantry Weapons Level 2  
  103  8:09  SCV x2  
  103  8:10  Marauder  
  107  8:17  Marine x5  
  112  8:22  Marine  
  112  8:23  Marine  
  112  8:26  Marine  
  115  8:29  Widow Mine  
  115  8:30  Widow Mine  
  119  8:38  SCV x3  
  122  8:47  Supply Depot x2  
  112  8:50  SCV x2  
  112  8:51  Marine x3  
  112  8:52  Marine  
  112  8:53  Marine x2  
  119  9:04  Marine, Widow Mine x2  
  119  9:05  Marine  
  119  9:07  Marine  
  119  9:08  SCV x2  
  119  9:09  SCV  
  127  9:11  Medivac  
  127  9:12  Medivac  
  127  9:15  Marine x2  
  127  9:16  Marine x3  
  136  9:20  Supply Depot  
  136  9:22  Supply Depot  
  136  9:25  Marauder  
  136  9:27  Marine x3  
  141  9:38  Supply Depot  
  141  9:39  Supply Depot  
  141  9:41  Marine x4, Widow Mine x2  
  141  9:43  Marine  
  150  9:46  Marauder  
  150  9:50  Marine x2  
  153  9:53  Liberator x2  
  153  9:56  Terran Infantry Armor Level 2  
  150  10:02  Barracks  
  150  10:05  Barracks  
  150  10:06  Barracks  
  150  10:08  Marauder  
  150  10:09  Widow Mine x2  
  150  10:11  Marine x5  
  150  10:12  Marine  
  150  10:13  Marine  
  150  10:14  Marine  
  169  10:28  Marine  
  169  10:29  Marauder  
  169  10:31  Marine  
  169  10:33  Marine  
  169  10:35  Marine  
  163  10:38  Widow Mine  
  163  10:42  Marine  
  153  10:43  Marine x2  
  153  10:47  Marine x2  
  153  10:49  Marine  
  154  10:51  Marauder, Marine  
  154  10:53  Marine  
  158  11:00  Marine  
  158  11:01  Marine x2  
  158  11:03  Widow Mine  
  160  11:05  Marine x2  
  160  11:06  Marine  
  160  11:07  Widow Mine, Unknown  
  160  11:09  Marine  
  160  11:11  Marine  
  158  11:12  Marauder  
  158  11:17  Barracks Reactor  
  158  11:18  Marine x2  
  143  11:19  Marine  
  143  11:23  Marine x2  
  143  11:24  Marine  
  150  11:26  Barracks Reactor, Marine  
  150  11:27  Barracks Tech Lab  
  150  11:28  Barracks Tech Lab, Refinery, Command Center  
  150  11:32  Widow Mine  
  151  11:33  Marauder  
  153  11:43  Terran Infantry Weapons Level 3  
  153  11:46  Marine x5, Marauder  
  160  11:52  Marauder  
  160  11:53  Marine x2  
  161  11:55  Marauder, Marine  
  161  11:56  Marine x2  
  147  12:04  Marine x2  
  147  12:05  Marine x3  
  147  12:07  Marauder  
  144  12:10  Marine  
  144  12:11  Marine  
  144  12:13  Marine x2  
  144  12:14  Marine  
  145  12:16  Marauder  
  145  12:17  Unknown x2  
  145  12:18  Unknown  
  141  12:25  Marine  
  141  12:26  Marine x5  
  141  12:28  Marine x2  
  143  12:30  Widow Mine x2  
  143  12:36  Terran Infantry Armor Level 3  
  147  12:41  Planetary Fortress  
  147  12:48  Medivac x2  
  147  12:49  Marine x3  
  154  12:57  Marine x6  
  154  12:58  Marine  
  160  13:02  Marauder x2  
  158  13:16  Widow Mine x2  
  158  13:17  Marine x4  
  158  13:18  Marine  
  167  13:22  Marauder  
  167  13:24  Marauder, Medivac  
  167  13:25  Medivac  
  175  13:31  Starport  
  175  13:32  Terran Ship Weapons Level 1  
  175  13:37  Liberator x2  
  175  13:41  Marine x3  
  149  13:42  Marine  
  148  13:52  Marauder x2  
  153  13:55  Widow Mine x2  
  118  14:10  Marine  
  118  14:11  Marine x5  
  118  14:15  Marine  
  126  14:19  Concussive Shells  
  126  14:20  Liberator x2  
  126  14:21  Marauder x3  
  126  14:22  Liberator x2  
  126  14:24  Widow Mine x2  
  130  14:30  Marine x2  
  130  14:31  Marine x3  
  138  14:37  Marauder  
  147  14:42  Marauder  
  155  14:49  Marauder x2, Marine x8  
  155  14:52  Widow Mine  
  167  14:53  Unknown  
  167  14:58  Marine  
  167  15:02  Widow Mine  
  167  15:03  Liberator  
  167  15:04  Liberator  
  169  15:10  Liberator  
  169  15:12  Liberator  
  164  15:16  Marauder x3, Marine x6  
  164  15:21  Widow Mine  
  188  15:39  Refinery, Widow Mine  
  190  15:48  Marauder x2  
  190  15:49  Widow Mine  
  194  15:55  Supply Depot  
  196  16:15  Marine, Liberator  
  196  16:17  Marine x4  
  200  16:23  Marine  
  200  16:26  Liberator  
  200  16:32  Marine x2  
  200  16:43  Liberator x2  
  200  16:44  Marine  
  189  16:50  Marine x2  
  189  16:52  Marine  
  189  16:54  Marine x3  
  150  17:02  Marine x2  
  150  17:03  Marauder x2, Marine  
  145  17:09  Marine  
  145  17:10  Marine  
  145  17:11  Marine  
  145  17:13  Marine  
  145  17:14  Widow Mine x2  
  145  17:15  Marauder, Medivac  
  137  17:18  Marine x2  
  137  17:20  Marine  
  140  17:23  Marine x2  
  140  17:26  Medivac  
  139  17:33  Marine x4  
  139  17:34  Marine  
  134  17:37  Marine  
  134  17:40  Marine  
  134  17:41  Marauder  
  134  17:42  Widow Mine x2  
  134  17:43  Medivac  
  144  17:45  Marine x2  
  146  17:51  Marine  
  146  17:52  Marine x3, Refinery  
  146  17:54  Orbital Command  
  152  17:58  Marauder, Liberator, Marine  
  152  17:59  Marauder, Marine x2  
  152  18:02  Marine  
  152  18:03  Marine  
  159  18:11  Widow Mine x2  
  147  18:13  Marine  
  147  18:14  Marine x3  
  147  18:20  Liberator  
  147  18:24  Marine x6  
  140  18:31  Refinery, Liberator  
  140  18:33  Missile Turret  
  140  18:39  Widow Mine x2  
  147  18:43  Missile Turret  
  147  18:46  Missile Turret  
  147  18:48  Missile Turret  
  147  18:53  Marine x4  
  152  18:59  Marauder x2  
  152  19:00  Marine x6  
  159  19:04  Liberator  
  159  19:11  Marine x4, Widow Mine x2  
  166  19:18  Marine x2  
  166  19:19  Marauder x2  
  166  19:20  Marauder  
  156  19:39  Widow Mine  
  156  19:40  Marine  
  156  19:41  Marauder x2, Orbital Command  
  156  19:42  Marine  
  156  19:43  Marine  
  156  19:45  Marine x3  
  131  19:46  Marauder x2, Marine x2  
  131  19:48  Medivac x2  
  141  19:57  Marine  
  141  19:59  Widow Mine  
  144  20:08  Widow Mine  
  146  20:16  Marauder  
  146  20:17  Marauder  
  150  20:23  Marine x10  
  150  20:26  Liberator  
  160  20:33  Widow Mine  
  162  20:36  Widow Mine  
  162  20:38  Marauder x2  
  161  20:47  Marine x3  
  161  20:48  Marine  
  158  21:09  Medivac  
  146  21:19  Orbital Command  
  141  21:31  Liberator  
  141  21:32  Liberator  
  112  22:07  Widow Mine  
  111  22:09  Marine  
  97  22:21  Orbital Command  
  97  22:22  Marine x2  
  63  22:39  Marine  
Show
View Real Time Build Order
Export as new Build Order

Dark Zerg - Winner!

Build Orders: Pool First 

Get SALT Encoding   

  12  0:00  Drone  
  13  0:12  Overlord  
  13  0:17  Drone  
  14  0:30  Drone x2  
  14  0:34  Drone  
  17  0:44  Extractor  
  17  0:45  Drone  
  17  0:49  Spawning Pool  
  16  0:57  Drone  
  17  1:07  Drone  
  18  1:18  Hatchery  
  18  1:20  Drone  
  18  1:27  Drone  
  19  1:36  Queen  
  21  1:41  Zergling x2  
  21  1:46  Metabolic Boost  
  22  1:52  Overlord  
  22  2:11  Queen, Drone  
  22  2:12  Drone  
  26  2:26  Drone  
  27  2:30  Queen  
  27  2:32  Drone  
  27  2:34  Overlord  
  30  2:42  Drone  
  30  2:43  Drone x2  
  33  2:47  Pneumatized Carapace  
  33  2:50  Drone  
  34  2:53  Zergling x2  
  34  2:54  Drone  
  36  3:03  Drone  
  37  3:10  Drone  
  38  3:13  Overlord  
  38  3:18  Drone  
  39  3:22  Drone x3  
  39  3:27  Drone  
  43  3:29  Hatchery  
  42  3:40  Queen x2  
  46  3:42  Drone x3  
  46  3:45  Drone x2  
  51  3:50  Extractor  
  51  3:53  Overlord  
  51  3:54  Overlord  
  50  3:56  Drone x2  
  52  4:09  Evolution Chamber x2  
  51  4:10  Drone x2  
  51  4:11  Drone x3  
  51  4:15  Drone  
  56  4:19  Overlord  
  56  4:22  Zergling x4  
  56  4:24  Zergling x6  
  61  4:28  Queen  
  63  4:32  Queen  
  63  4:37  Zerg Melee Weapons Level 1  
  65  4:39  Zergling x2  
  65  4:40  Zergling x2  
  65  4:44  Zerg Ground Armor Level 1  
  67  4:49  Baneling Nest  
  67  4:50  Zergling x4  
  68  4:53  Zergling x4  
  70  5:03  Zergling x2  
  70  5:04  Zergling x4  
  70  5:06  Queen, Drone x3  
  78  5:13  Zergling x6  
  81  5:16  Drone  
  82  5:24  Lair  
  82  5:25  Overlord  
  82  5:26  Overlord  
  82  5:27  Overlord  
  82  5:32  Overlord  
  82  5:37  Baneling x2, Overlord  
  80  5:45  Drone x3  
  80  5:46  Zergling x2, Drone  
  80  5:47  Zergling x2  
  86  5:52  Drone x3  
  89  5:59  Zergling x2  
  89  6:00  Zergling x6  
  92  6:07  Zergling x4  
  92  6:08  Baneling x5  
  94  6:14  Hatchery  
  94  6:15  Extractor  
  94  6:16  Extractor  
  91  6:20  Zergling x8  
  91  6:21  Zergling x10  
  91  6:23  Drone x2  
  91  6:24  Drone  
  103  6:30  Baneling x4  
  103  6:31  Zergling x4  
  104  6:34  Baneling, Zergling x2  
  104  6:35  Baneling x5  
  104  6:37  Zergling x2  
  104  6:39  Zergling x2  
  102  6:50  Zergling x12  
  97  6:56  Zergling x2  
  97  7:00  Zergling x4  
  87  7:01  Queen x2  
  87  7:02  Queen, Centrifical Hooks  
  87  7:06  Zergling x2  
  94  7:10  Zergling x2  
  94  7:13  Zergling x4  
  97  7:26  Zergling x4  
  97  7:27  Zergling x4  
  101  7:33  Zergling x4  
  101  7:36  Hatchery  
  101  7:39  Queen x2  
  101  7:40  Zergling x2  
  101  7:41  Zergling x2  
  101  7:43  Zergling x2  
  101  7:44  Zergling x6  
  101  7:53  Zergling x6  
  101  7:55  Zerg Ground Armor Level 2, Zerg Melee Weapons Level 2  
  101  8:00  Zergling x8  
  105  8:07  Baneling x4  
  105  8:08  Drone x2  
  105  8:09  Extractor, Drone  
  105  8:11  Zergling x12  
  105  8:12  Zergling x8  
  117  8:18  Baneling x2  
  115  8:31  Drone x6  
  119  8:35  Overlord x2  
  119  8:36  Infestation Pit  
  119  8:41  Overlord  
  118  8:44  Baneling  
  118  8:49  Drone x2  
  118  8:50  Zergling x10  
  118  8:51  Baneling  
  118  8:52  Baneling x8  
  125  8:56  Baneling x2  
  114  9:05  Drone x3  
  114  9:07  Spore Crawler  
  117  9:10  Zergling x12  
  117  9:11  Drone x3, Spore Crawler  
  117  9:15  Drone  
  117  9:16  Hive  
  125  9:19  Queen  
  125  9:20  Zergling x10  
  132  9:25  Drone  
  132  9:27  Zergling x10  
  138  9:34  Drone  
  138  9:35  Drone  
  138  9:36  Drone  
  140  9:41  Zergling x4  
  140  9:42  Zergling x2  
  143  9:46  Zergling x2  
  143  9:47  Zergling x4  
  144  9:53  Overseer  
  144  9:54  Overlord x2  
  144  9:56  Zergling x10  
  144  9:57  Zergling x6  
  149  10:04  Overlord x2  
  149  10:11  Baneling x6  
  149  10:15  Zergling x6  
  149  10:16  Zergling x14  
  149  10:19  Baneling  
  155  10:22  Zergling x6  
  155  10:23  Zergling x4  
  160  10:33  Baneling x11  
  149  10:36  Spore Crawler  
  142  10:44  Spore Crawler  
  142  10:46  Zergling x2  
  142  10:49  Zergling x2, Overseer  
  131  10:54  Drone  
  131  10:55  Zergling x2  
  131  10:56  Zergling x2  
  130  10:57  Zergling x8  
  130  10:59  Drone  
  130  11:00  Drone x5  
  130  11:02  Ultralisk Cavern  
  136  11:04  Zergling x2  
  136  11:05  Zergling x6  
  136  11:08  Zergling x2  
  136  11:13  Zergling x2  
  136  11:14  Zergling x16  
  135  11:22  Hatchery, Drone x2  
  135  11:24  Zergling x6  
  139  11:26  Baneling x5  
  139  11:28  Zergling x2  
  139  11:31  Baneling x2  
  140  11:33  Baneling x4  
  140  11:41  Zergling x8  
  140  11:43  Baneling x5  
  140  11:44  Baneling x2  
  144  11:50  Ultralisk  
  144  11:53  Baneling x3  
  144  11:54  Baneling x2  
  146  11:59  Zergling x6  
  146  12:00  Zergling x2  
  136  12:03  Zergling x8  
  137  12:08  Zergling x2  
  137  12:09  Zergling x4  
  137  12:10  Zergling x2  
  136  12:22  Ultralisk  
  138  12:23  Drone x3  
  138  12:25  Zergling x10, Extractor  
  138  12:27  Zergling x8  
  146  12:33  Chitinous Plating  
  146  12:37  Drone x3  
  146  12:40  Extractor x2  
  146  12:41  Zergling x10  
  152  12:50  Baneling x2  
  152  12:52  Queen x3  
  152  12:55  Zergling x4  
  160  13:00  Queen x2  
  160  13:01  Zergling x4  
  160  13:03  Baneling x2  
  160  13:04  Zergling x2  
  167  13:09  Zergling x4  
  159  13:13  Zergling x16  
  159  13:14  Zergling x2  
  159  13:15  Baneling x4  
  159  13:16  Spore Crawler  
  159  13:18  Drone  
  159  13:19  Drone x5  
  173  13:25  Zergling x4  
  175  13:28  Zergling x4  
  175  13:29  Zergling x4  
  155  13:41  Ultralisk x2  
  155  13:42  Zergling x4  
  155  13:44  Zergling x2  
  158  13:48  Zergling x2  
  158  13:49  Zergling x10  
  158  13:51  Zergling x4  
  158  13:53  Zergling x2  
  164  13:57  Baneling  
  164  13:58  Baneling, Zergling x4  
  164  13:59  Zergling x2  
  164  14:00  Adrenal Glands  
  164  14:08  Zergling x6  
  149  14:15  Zergling x4, Overseer  
  149  14:16  Drone  
  136  14:20  Ultralisk, Zergling x2  
  136  14:21  Zergling x10  
  136  14:22  Baneling  
  148  14:27  Drone x3  
  148  14:30  Baneling x7  
  148  14:31  Zergling x10  
  155  14:37  Overlord, Spore Crawler  
  156  14:38  Zergling x2  
  156  14:44  Spire  
  156  14:45  Zergling x8  
  159  14:59  Overlord x2  
  159  15:02  Drone x3  
  159  15:03  Extractor  
  161  15:07  Zergling x18  
  161  15:08  Ultralisk  
  168  15:19  Baneling x2  
  168  15:22  Baneling  
  168  15:25  Viper x2  
  168  15:27  Zergling x18  
  183  15:32  Zergling x4  
  185  15:37  Zergling x4  
  185  15:40  Zergling x4  
  189  15:44  Baneling x7  
  189  15:47  Zergling x4  
  190  15:51  Overlord x2  
  190  15:56  Corruptor x2  
  190  16:08  Corruptor x3  
  196  16:17  Corruptor x3  
  200  16:22  Baneling x7  
  200  16:24  Hatchery  
  198  16:26  Zergling x2  
  198  16:31  Baneling x3  
  195  16:38  Zergling x4  
  195  16:39  Zergling x6  
  177  16:50  Corruptor x2  
  177  16:51  Zergling x4  
  177  16:52  Zergling x22  
  176  17:01  Ultralisk, Zergling x4  
  155  17:02  Zergling x2  
  131  17:10  Ultralisk  
  131  17:11  Zergling x6  
  131  17:12  Zergling x2  
  131  17:13  Overseer x2  
  131  17:15  Zergling x2  
  117  17:22  Zergling x2  
  113  17:34  Zergling x16  
  113  17:35  Baneling  
  113  17:36  Baneling x6  
  110  17:37  Ultralisk  
  110  17:38  Zergling x4  
  110  17:40  Zergling x4  
  110  17:43  Baneling x4  
  118  17:46  Zergling x6  
  118  17:47  Zergling x2  
  118  17:51  Corruptor  
  122  17:52  Zergling x4  
  122  17:53  Zergling x2  
  122  17:54  Zergling x2  
  122  17:56  Zergling x4  
  122  17:57  Zergling x2  
  131  17:59  Corruptor  
  131  18:09  Zergling x2  
  131  18:11  Zergling x20  
  130  18:17  Zergling x6  
  130  18:19  Zergling x2  
  132  18:24  Corruptor x2  
  132  18:25  Zergling x2, Overseer  
  132  18:26  Zergling x4  
  136  18:28  Zergling x2  
  136  18:29  Baneling  
  136  18:30  Baneling x2  
  136  18:32  Zergling x6  
  136  18:33  Zergling x2  
  141  18:34  Baneling x2, Zergling x2  
  141  18:35  Zergling x2  
  141  18:40  Zergling x6  
  146  18:46  Corruptor  
  146  18:47  Zergling x4  
  146  18:48  Baneling x4, Zergling x2  
  148  18:50  Zergling x4  
  151  18:58  Zergling x4  
  153  19:04  Zergling x4  
  153  19:05  Corruptor  
  153  19:07  Corruptor  
  153  19:08  Corruptor  
  161  19:12  Baneling, Zergling x8  
  161  19:13  Baneling x2  
  161  19:14  Zergling x6  
  168  19:19  Corruptor  
  149  19:33  Zergling x22  
  149  19:34  Zergling x8  
  149  19:35  Zergling x2  
  145  19:39  Corruptor  
  145  19:43  Zergling x4  
  122  19:47  Ultralisk  
  122  19:48  Baneling x2  
  122  19:52  Zergling x2  
  127  20:01  Ultralisk  
  127  20:02  Baneling x5  
  127  20:03  Baneling x2  
  127  20:04  Baneling  
  133  20:08  Viper  
  136  20:16  Zergling x6  
  139  20:22  Ultralisk  
  139  20:24  Zergling x16  
  152  20:32  Zergling x2  
  152  20:33  Zergling x10  
  152  20:34  Overseer  
  152  20:35  Overseer  
  158  20:39  Zergling x14  
  163  20:48  Zergling x2  
  163  20:49  Zergling x10  
  165  20:57  Zergling x2  
  165  20:58  Zergling x14  
  162  21:13  Zergling x4  
  162  21:15  Baneling x5  
  162  21:16  Hatchery  
  162  21:17  Zergling x2  
  160  21:21  Zergling x2  
  122  21:34  Zergling x4  
  122  21:35  Zergling x10  
  122  21:38  Zergling x2  
  122  21:39  Zergling x2  
  122  21:40  Baneling  
  122  21:43  Zergling x8  
  126  21:55  Zergling x4  
  126  21:58  Zergling x4  
  126  22:00  Zergling x2  
  128  22:03  Ultralisk  
  129  22:08  Zergling x4  
  129  22:10  Zergling x2  
  121  22:17  Zergling x6  
  122  22:24  Zergling x4  
  122  22:25  Zergling x2  
  122  22:28  Overseer  
  96  22:40  Zergling x2  
Tags
 
Add a new tag
Caveats
  • Supply blocks, unpowered buildings, or Contaminate may cause inaccurate times.
  • Supply counts are checked every 10 seconds.